Map: Berlingrad LE

Players

A.I. 1 (Very Easy) - Winner!

  • Race: Terran Terran

TheCowboy

  • Race: Protoss Protoss
  • League: Grandmaster

VOD

Have the link to the VOD?

Description

Time

  • Played on: Dec. 4, 2021, 11:40 a.m.
  • Length: 3:03
Show
View Real Time Build Order
Export as new Build Order

A.I. 1 (Very Easy) Terran - Winner!

Build Orders:  

Get SALT Encoding   

  12  0:00  SCV  
  13  0:13  SCV  
  14  0:18  Supply Depot  
  14  0:37  Refinery  
  14  0:42  Barracks  
  14  1:04  Supply Depot  
  14  1:11  Refinery  
  14  1:29  Barracks Tech Lab, Orbital Command  
  14  1:47  Marine  
  15  1:55  SCV  
  16  2:07  SCV  
  17  2:19  SCV  
  18  2:30  Marine  
  18  2:31  SCV  
  20  2:43  SCV  
Show
View Real Time Build Order
Export as new Build Order

TheCowboy Protoss 

Build Orders: 1 Gate Expand 

Get SALT Encoding   

  12  0:00  Probe  
  13  0:12  Probe  
  14  0:19  Pylon  
  14  0:24  Probe  
  15  0:37  Probe  
  15  0:39  Gateway  
  16  0:49  Probe  
  17  1:14  Probe  
  17  1:15  Nexus  
  18  1:26  Pylon, Zealot  
  18  1:30  Probe  
  21  1:34  Assimilator  
  21  1:42  Probe  
  22  1:48  Cybernetics Core  
  22  1:54  Probe  
  22  1:56  Zealot  
  25  2:06  Probe  
  25  2:08  Pylon  
  26  2:18  Probe  
  26  2:22  Adept (Chrono Boost)  
  27  2:27  Probe  
  30  2:31  Shield Battery  
  30  2:32  Probe  
  31  2:38  Assimilator  
  31  2:39  Probe  
  31  2:41  Shield Battery  
  32  2:49  Probe  
Tags
 
Add a new tag
Caveats
  • Supply blocks, unpowered buildings, or Contaminate may cause inaccurate times.
  • Supply counts are checked every 10 seconds.